 Dungeon Crawl Stone Soup version 0.30-a0-1104-g706747fef1 (webtiles) character file.

Game seed: 8084099560459622000

106 Ijustatesigmund the Conjurer (level 4, -3/24 HPs)
             Began as a Deep Elf Conjurer on Apr 19, 2023.
             Slain by an orc
             ... wielding a +0 short sword
              (4 damage)
             ... on level 3 of the Dungeon.
             The game lasted 00:04:00 (1813 turns).

Ijustatesigmund the Conjurer (Deep Elf Conjurer)    Turns: 1813, Time: 00:04:01

Health: -3/24      AC:  3    Str:  4    XL:     4   Next: 55%
Magic:  1/13       EV: 12    Int: 25    God:
Gold:   158        SH:  0    Dex: 13    Spells: 6/13 levels left

rFire   + . .      SeeInvis .    c - +0 rapier
rCold   + . .      Faith    .    (no shield)
rNeg    . . .      Spirit   .    a - +0 robe {Will+}
rPois   +          Reflect  .    (no helmet)
rElec   +          Rampage  .    g - +0 cloak
rCorr   +                        (no gloves)
Will    +....                    (no boots)
Stlth   ++                       (no amulet)
HPRegen 0.24/turn                (no ring)
MPRegen 0.13/turn                (no ring)

@: resistant, attractive, very slightly contaminated, hasted, very quick
A: no striking features
a: no special abilities


You were on level 3 of the Dungeon.
You visited 1 branch of the dungeon, and saw 3 of its levels.

You collected 158 gold pieces.

Inventory:

Hand Weapons
 c - a +0 rapier (weapon)
Armour
 a - a +0 robe of willpower (worn)
 g - a +0 cloak (worn)
Scrolls
 e - a scroll of identify {unknown}
 f - a scroll of fog
Potions
 d - a potion of might {unknown}
 i - a potion of attraction
 j - a potion of resistance


   Skills:
 - Level 2.4 Dodging
 - Level 2.4 Stealth
 + Level 5.1 Spellcasting
 - Level 5.3 Conjurations
 + Level 1.3 Translocations


You had 6 spell levels left.
You knew the following spells:

 Your Spells              Type           Power      Damage    Failure   Level
a - Magic Dart            Conj           100%       1d8       1%          1
b - Searing Ray           Conj           66%        2d6       1%          2
c - Iskenderun's Mystic   Conj/Tloc      23%        2d6       21%         4

Your spell library contained the following spells:

 Spells                   Type           Power      Damage    Failure   Level
 Dazzling Flash           Conj/Hex       38%        N/A       9%          3
 Fulminant Prism          Conj/Hex       9%         3d7       26%         4


Dungeon Overview and Level Annotations

Branches:
Dungeon (3/15)

Altars:


Message History

Aiming: Magic Dart (safe; 1% risk of failure)
Press: ? - help, Shift-Dir - straight line, f/p - orc priest
Aim: an orc priest, wielding a +0 dagger and wearing a +0 ring mail (almost dead, 100% to hit)
The magic dart hits the orc priest but does no damage.
The orc priest is almost dead.
The orc priest calls upon Beogh to heal the orc.
The orc's wounds heal themselves!
Casting: Magic Dart (safe; 1% risk of failure)
Confirm with . or Enter, or press ? or * to list all spells.
You don't have enough magic to cast this spell.
It was a potion of attraction.
You feel attractive to monsters.
You are no longer locked in place.
An orc comes into view. It is wielding a +0 trident.
The orc priest is attracted toward you. The orc is attracted toward you. x2
Unknown command.
The orc shouts!
You hit the orc priest but do no damage.
The orc priest is almost dead.
The orc priest casts a cantrip, but nothing happens.
The orc hits you but does no damage. The orc is attracted toward you.
You completely miss the orc priest.
The orc priest is almost dead.
The orc priest misses you. The orc misses you. The orc completely misses you.
An orc comes into view. It is wielding a +0 dagger.
The orc priest closely misses you. The orc hits you with a +0 short sword.
* * * LOW HITPOINT WARNING * * *
The orc is attracted toward you. x2
Okay, then.
Okay, then.
It was a potion of resistance.
You feel protected. The orc barely misses you. The orc misses you.
The orc hits you with a +0 short sword.
* * * LOW HITPOINT WARNING * * *
The orc priest closely misses you.
It was a potion of haste.
You feel yourself speed up. The orc barely misses you.
The orc hits you with a +0 club.
* * * LOW HITPOINT WARNING * * *
The orc hits you with a +0 short sword.
You die...

## .§§# #.#.# #..
#..###.#.# #..
#######........ #..
.......§.....# #..
.......§.....## .#####..
.......§......##........
...>..ooo...............
.....)o@o.....##....)...
......)###.......#####..
.....). ####.#### #..
####### #[# #.. #.# #..
#.# #.. ##.#########.
##.####..........#.
.........##.#.##.#.


You could see an orc priest and 4 orcs.

Vanquished Creatures
  An orc priest (D:3)
  2 adders
  A gnoll (D:1)
  A worm (D:2)
  A dart slug (D:2)
  3 orcs (D:3)
  5 bats
  7 endoplasms
  A giant cockroach (D:2)
  A goblin (D:3)
  3 hobgoblins
  2 quokkas
  8 ball pythons
  5 frilled lizards
  2 kobolds
  2 rats
45 creatures vanquished.

Vanquished Creatures (others)
  4 demonic plants (D:1)
4 creatures vanquished.

Grand Total: 49 creatures vanquished

Notes
Turn   | Place    | Note
-------+----------+-------------------------------------------
     0 | D:1      | Ijustatesigmund the Deep Elf Conjurer began the quest for
                  | the Orb.
     0 | D:1      | Reached XP level 1. HP: 10/10 MP: 6/6
   148 | D:1      | Reached XP level 2. HP: 15/15 MP: 0/8
   153 | D:1      | Learned a level 2 spell: Searing Ray
   549 | D:1      | Found a faded altar of an unknown god.
   999 | D:2      | Reached skill level 5 in Conjurations
   999 | D:2      | Reached XP level 3. HP: 19/19 MP: 7/10
  1615 | D:3      | Reached XP level 4. HP: 24/24 MP: 6/12
  1620 | D:3      | Learned a level 4 spell: Iskenderun's Mystic Blast
  1808 | D:3      | Reached skill level 5 in Spellcasting
  1808 | D:3      | Reached skill level 1 in Translocations
  1812 | D:3      | HP: 1/24 [orc/+0 short sword (1)]
  1813 | D:3      | Slain by an orc

Illustrated notes

Levels and vault maps discovered:
D:1:      tekkud_arrival_beachfront_property, layout_basic,
          shapermc_ecumenical_altar_flowoftime
D:2:      layout_basic, nicolae_concentric_dashed_squares_mild
D:3:      layout_loops_cross, overflow_temple_1_default, uniq_crazy_yiuf_cottage

Skill      XL: |  1  2  3  4 |
---------------+-------------+-----
Spellcasting   | 4 5 |  5.1
Conjurations   | 5 |  5.3
Translocations | 1 |  1.3
Dodging        | |  2.4
Stealth        | |  2.4

Action                     |  1- 3 |  4- 6 || total
---------------------------+-------+-------++-------
  Melee: Rapier            |    19 |     3 ||    22
   Cast: Magic Dart        |    69 |     7 ||    76
         Iskenderun's Myst |       |     3 ||     3
    Use: Scroll            |     4 |       ||     4
         Potion            |       |     4 ||     4
 Armour: Robe              |       |     2 ||     2
  Dodge: Dodged            |     5 |     9 ||    14

Table legend: (Time is in decaauts)
 A = Elapsed time spent in this place.
 B = Non-inter-level travel time spent in this place.
 C = Inter-level travel time spent in this place.
 D = Time resting spent in this place.
 E = Time spent auto-exploring this place.
 F = Levels seen in this place.
 G = Mean time per level.
                   A        B        C        D        E       F      G
               +--------+--------+--------+--------+--------+-----+--------+
         Total |   1816 |   1774 |     42 |    163 |   1368 |   3 |  605.3 |
       Dungeon |   1816 |   1774 |     42 |    163 |   1368 |   3 |  605.3 |
               +--------+--------+--------+--------+--------+-----+--------+

Top non-repeatable levels by time:
     D:1: 868 daAuts
     D:2: 659 daAuts
     D:3: 288 daAuts
